 Dungeon Crawl Stone Soup version 0.25.1-2-g60ff931df9 (webtiles) character file.

Game seed: 3848622398619004011

59 Chimkentus the Sneak (level 4, -1/30 HPs)
             Began as an Octopode Assassin on Aug 24, 2020.
             Slain by a sky beast (6 damage)
             ... on level 3 of the Dungeon.
             The game lasted 00:11:16 (2728 turns).

Chimkentus the Sneak (Octopode Assassin)            Turns: 2728, Time: 00:11:16

Health: -1/30      AC:  1    Str: 10    XL:     4   Next: 3%
Magic:  4/4        EV: 13    Int: 13    God:
Gold:   100        SH:  0    Dex: 14    Spells: 3/3 levels left

rFire    . . .     SeeInvis .   a - +2 dagger
rCold    . . .     Gourm    .   (no shield)
rNeg     . . .     Faith    .   (helmet restricted)
rPois    .         Spirit   .   (no amulet)
rElec    .         Reflect  .   r - ring of stealth
rCorr    .         Harm     .   (no ring)
MR       .....                  (no ring)
Stlth    +++++.....             (no ring)
HPRegen  0.10/turn              (no ring)
MPRegen  0.09/turn              (no ring)
                                (no ring)
                                (no ring)

@: no status effects
A: almost no armour, stealthy swim, amphibious, 8 rings, constrict 8, camouflage
1, gelatinous body 1
a: no special abilities


You were on level 3 of the Dungeon.
You were not hungry.

You visited 1 branch of the dungeon, and saw 3 of its levels.

You collected 100 gold pieces.

Inventory:

Hand Weapons
 a - a +2 dagger (weapon)
Missiles
 b - 2 poisoned darts (quivered)
 c - 2 curare-tipped darts
 j - 14 bolts
 k - 68 stones
 q - 24 arrows
Jewellery
 r - a ring of stealth (left tentacle)
Scrolls
 i - 3 scrolls of identify
 m - a scroll of remove curse
 n - a scroll of enchant weapon {unknown}
 o - a scroll of fear {unknown}
 p - a scroll of teleportation {unknown}
Potions
 e - a potion of stabbing
 f - a potion of might {unknown}
 l - a potion of curing {unknown}
Comestibles
 d - 3 rations


   Skills:
 * Level 2.8 Fighting
 + Level 2.5 Short Blades
 + Level 2.5 Throwing
 * Level 2.2 Dodging
 - Level 5.3 Stealth


You had 3 spell levels left.
You didn't know any spells.
Your spell library was empty.

Dungeon Overview and Level Annotations

Branches:
Dungeon (3/15)

Altars:
Ashenzari
Cheibriados
Fedhas
Nemelex Xobeh
Trog


Innate Abilities, Weirdness & Mutations

You cannot wear most types of armour.
You are very stealthy in the water. (Stealth+)
You are amphibious.
You can wear up to eight rings at the same time.
You can use your tentacles to constrict eight enemies at once.
Your skin changes colour to match your surroundings (Stealth+).
Your rubbery body absorbs attacks. (AC +1, EV +1)


Message History

The sky beast barely misses you.
You completely miss the sky beast. You squeeze the sky beast.
The sky beast is moderately wounded.
You closely miss the sky beast.
You squeeze the sky beast, but do no damage.
The sky beast is heavily wounded.
The sky beast flickers out of sight!
Deactivating autopickup; reactivate with Ctrl-A.
Something hits you. Something shocks you.
You closely miss something. Something hits you. Something shocks you.
You barely miss something.
A sky beast appears from thin air!
Reactivating autopickup.
The sky beast hits you. The sky beast shocks you.
* * * LOW HITPOINT WARNING * * *
You barely miss the sky beast. You squeeze the sky beast.
The sky beast is severely wounded.
The sky beast hits you.
* * * LOW HITPOINT WARNING * * *
The sky beast shocks you.
You die...

...# ####.......#....... ...#
#.......#...##.# ...#
#..............[ ...#
#(.....#....##.# ...#
#......#"...##.. ...#
#(.....#.......# ...#
#(.....#....##.# ...#
######......#....##.. ...########
#...@Y.....##....##.# #.........#
#..........##.......# #.........#
#................##.# #.........#
#................##.. #.........#
#................##.# #.........#
#................##.#
#.........###....................
#................................
#...............#######.....###.#


You could see a sky beast (very poisoned).

Vanquished Creatures
  2 adders (D:2)
  2 dart slugs
  A leopard gecko (D:3)
  2 giant cockroaches (D:2)
  4 hobgoblins
  4 jackals (D:1)
  3 bats
  3 frilled lizards
  3 goblins
  6 kobolds
  5 rats
35 creatures vanquished.

Notes
Turn   | Place    | Note
-------+----------+-------------------------------------------
     0 | D:1      | Chimkentus the Octopode Assassin began the quest for the
                  | Orb.
     0 | D:1      | Reached XP level 1. HP: 14/14 MP: 1/1
   154 | D:1      | Reached XP level 2. HP: 19/19 MP: 2/2
   521 | D:2      | Reached XP level 3. HP: 25/25 MP: 3/3
  1665 | D:3      | Noticed a sky beast
  1690 | D:3      | Found a bloodstained altar of Trog.
  1704 | D:3      | Found a blossoming altar of Fedhas.
  1705 | D:3      | Found a snail-covered altar of Cheibriados.
  1705 | D:3      | Found a shattered altar of Ashenzari.
  1705 | D:3      | Found a sparkling altar of Nemelex Xobeh.
  2187 | D:3      | Reached XP level 4. HP: 30/30 MP: 4/4
  2728 | D:3      | Slain by a sky beast

Illustrated notes

Levels and vault maps discovered:
D:1:      nagdon_arrival_double_spiral, layout_rooms
D:2:      layout_loops_corners
D:3:      layout_basic, chequers_temple_overflow_statue_of_worship, bloody_trog,
          minmay_statues_item, minmay_diced_spiral

Skill      XL: |  1  2  3 |
---------------+----------+-----
Dodging        | 2 |  2.2
Fighting       | |  2.8
Short Blades   | |  2.5
Throwing       | |  2.5
Stealth        | |  5.3

Action                   |  1- 3 |  4- 6 || total
-------------------------+-------+-------++-------
Melee: Dagger            |    45 |    14 ||    59
       Constrict         |    11 |     1 ||    12
       Tentacles         |     9 |     4 ||    13
Throw: Dart              |    14 |     4 ||    18
  Use: Scroll            |       |     3 ||     3
       Potion            |       |     1 ||     1
 Stab: Sleeping          |    18 |     1 ||    19
  Eat: Chunk             |     3 |       ||     3
       Ration            |       |     1 ||     1
Dodge: Dodged            |    11 |     6 ||    17
